 Dungeon Crawl Stone Soup version 0.19.5 (webtiles) character file.

71017 Monsterracer the Bludgeoner (level 15, 0/162 HPs)
             Began as an Ogre Gladiator on July 8, 2017.
             Was a High Priest of the Shining One.
             Killed from afar by a deep elf mage (11 damage)
             ... with a shard of ice
             ... on level 12 of the Dungeon.
             The game lasted 00:57:44 (31824 turns).

Monsterracer the Bludgeoner (Ogre Gladiator)       Turns: 31824, Time: 00:57:45

Health: 0/162      AC: 14    Str: 33    XL:     15   Next: 35%
Magic:  14/22      EV: 12    Int:  7    God:    the Shining One [*****.]
Gold:   1425       SH:  0    Dex: 10    Spells: 0 memorised, 14 levels left

rFire  + + .     SeeInvis .     a - +0 giant spiked club
rCold  . . .     Gourm    .     k - +0 fire dragon scales
rNeg   + + .     Faith    .     (shield currently unavailable)
rPois  .         Spirit   .     c - +1 hat
rElec  .         Reflect  .     l - +1 cloak
rCorr  +         Harm     .     (gloves unavailable)
MR     +....                    (boots unavailable)
Stlth  ..........               (no amulet)
                                h - ring of resist corrosion
                                G - +4 ring of strength

@: lethally poisoned (0 -> 0), about to teleport, glowing
A: unfitting armour, cold resistance 1, tough skin 1
a: Divine Shield, Cleansing Flame, Summon Divine Warrior, Renounce Religion


You were on level 12 of the Dungeon.
You worshipped the Shining One.
The Shining One was extremely pleased with you.
You were hungry.

You visited 2 branches of the dungeon, and saw 18 of its levels.

You collected 1748 gold pieces.
You spent 323 gold pieces at shops.

Inventory:

Hand Weapons
 a - a +0 giant spiked club (weapon)
 b - a +2 hand axe of flaming
Missiles
 d - 6 throwing nets
 e - 10 large rocks
 p - 13 tomahawks (quivered)
 y - 2 silver tomahawks
Armour
 c - a +1 hat (worn)
 k - +0 fire dragon scales (worn)
 l - a +1 cloak (worn)
 w - a +0 robe of magic resistance
Jewellery
 h - a ring of resist corrosion (right hand)
 i - an uncursed ring of flight
 r - an uncursed ring of see invisible
 C - an uncursed ring of protection from cold
 G - a +4 ring of strength (left hand)
Scrolls
 g - a scroll of summoning
 j - a scroll of magic mapping
 o - 3 scrolls of teleportation
 q - 21 scrolls of identify
 t - 6 scrolls of enchant weapon
 u - 6 scrolls of remove curse
 B - 4 scrolls of blinking
 E - 3 scrolls of fear
Potions
 m - a potion of heal wounds
 n - 11 potions of curing
 s - a potion of haste
 A - a potion of cure mutation
 D - a potion of agility
 H - 2 potions of might
Comestibles
 f - 7 bread rations
 v - 14 royal jellies
 x - 7 meat rations
 F - 12 fruits


   Skills:
 + Level 13.8 Fighting
 * Level 19.0 Maces & Flails
 + Level 10.4 Throwing
 + Level 7.1 Armour
 + Level 10.3 Dodging
 + Level 10.1 Invocations


You had 14 spell levels left.
You didn't know any spells.

Dungeon Overview and Level Annotations

Branches:
Dungeon (12/15)            Temple (0/1) D:6            Lair (6/6) D:10
  Swamp (0/4) Lair:3       Spider (0/4) Lair:4        Slime (0/5) Lair:5
    Orc: D:9-12

Altars:
Fedhas
Hepliaklqana
Kikubaaqudgha
Makhleb
Nemelex Xobeh
Okawaru
Qazlal
Sif Muna
Vehumet
Xom
The Shining One

Shops:
D:6 *   D:7 %?*   D:8 [   D:10 (   D:11 [

Annotations:
D:9 Monsterracer's ghost, journeyman OgMo


Innate Abilities, Weirdness & Mutations

You are too large for most types of armour.
You have tough skin. (AC +1)
Your flesh is cold resistant. (rC+)


Message History

A scorpion comes into view.
Damage: -0%(-1hp) hp: 9%(13hp)
You feel sick.
Damage: -1%(-1hp) hp: 8%(12hp)
You skewer the adder like a kebab!!!
You kill the adder!
You feel sick.
Damage: -1%(-1hp) hp: 8%(12hp)
You feel sick.
A deep elf mage comes into view. It is wielding a long sword.
Damage: -1%(-1hp) hp: 7%(11hp)
Okay, then.
A jelly comes into view.
The deep elf mage shouts!
You see here a worker ant corpse.
As you read the scroll of teleportation, it crumbles to dust.
You feel strangely unstable.
You feel sick.
The deep elf mage gestures at you while chanting.
The shard of ice hits you!
You die...

(... #<........#
....###.
##†####..##
.....#.. #.## .##
#.>.... ##.# #y
#.(..####e.# ..
#..s......## .##
##..†......### #
#..............
.##...@))....$....
#.......†).#..##...
#.........##.#.....
...................
.......##.........
....... ..........
.J..... ........
....... ........
..... .......


You could see a deep elf mage, a scorpion and a jelly.

Vanquished Creatures
  A fire dragon (Lair:6)
  An ice dragon (Lair:2)
  8 hydras
  A catoblepas (Lair:6)
  The ghost of p0werm0de the Carver, a novice HECK of Xom (D:10)
  4 death yaks
  An unseen horror (D:10)
  6 hill giants
  4 lindwurms
  2 ugly things
  Pikel (D:5)
  3 cyclopes (D:11)
  A manticore (D:12)
  An ice statue (Lair:2)
  Joseph (D:9)
  4 black mambas
  7 torpor snails
  2 centaur zombies
  Maurice (D:9)
  4 elephants
  17 spiny frogs
  3 rime drakes
  10 komodo dragons
  A jumping spider (Lair:4)
  9 polar bears
  2 trolls
  3 tyrant leeches (Lair:6)
  8 hornets
  4 raiju (Lair:6)
  A dream sheep (Lair:5)
  22 blink frogs
  The ghost of Azzok the Skirmisher, an amateur GrBe of Trog (D:5)
  3 two-headed ogres (D:11)
  7 hippogriffs
  2 wyverns
  57 yaks
  Grum (D:10)
  2 wraiths
  2 basilisks
  6 vampire mosquitoes (Lair:3)
  A steam dragon (Lair:6)
  Menkaure (D:6)
  A mottled dragon (Lair:6)
  11 water moccasins
  7 wargs (Lair:6)
  Duvessa (D:6)
  9 porcupines
  4 hell hounds (Lair:6)
  7 orc warriors
  3 phantoms
  A swamp drake (Lair:6)
  14 black bears
  An eye of draining (D:11)
  4 ice beasts
  A sky beast (D:8)
  4 ogres
  35 wolves
  13 crocodiles
  6 centaurs
  2 big kobolds
  16 bullfrogs
  Dowan (D:6)
  A wyvern zombie (D:11)
  2 scorpions
  A wyvern skeleton (D:7)
  24 killer bees
  4 wights (D:10)
  3 howler monkeys
  3 electric eels
  A bullfrog zombie (D:11)
  5 crimson imps
  8 orc priests
  21 hounds
  15 jellies
  A gnoll shaman (D:4)
  Crazy Yiuf (D:2)
  A centaur skeleton (D:4)
  4 iguanas
  22 orc wizards
  7 worker ants
  A hound zombie (D:8)
  A hound skeleton (D:7)
  A howler monkey zombie (D:5)
  A worker ant zombie (D:9)
  A howler monkey skeleton (D:9)
  7 gnolls
  8 adders
  2 shadow imps
  2 white imps
  2 oozes
  A worm (D:2)
  7 leopard geckos
  44 orcs
  2 ball pythons
  9 bats
  4 giant cockroaches
  6 goblins
  9 hobgoblins
  19 jackals
  20 kobolds
  5 quokkas
  5 frilled lizards
  A jackal skeleton (D:4)
  A leopard gecko zombie (D:8)
  A quokka skeleton (D:8)
  7 rats
  4 plants
653 creatures vanquished.

Vanquished Creatures (others)
  An orc wizard (D:4)
  An adder skeleton (D:6)
  5 fungi
  33 plants
40 creatures vanquished.

Grand Total: 693 creatures vanquished

Notes
Turn   | Place    | Note
-------+----------+-------------------------------------------
     0 | D:1      | Monsterracer the Ogre Gladiator began the quest for the Orb.
     0 | D:1      | Reached XP level 1. HP: 22/22 MP: 1/1
   272 | D:1      | Reached XP level 2. HP: 26/29 MP: 2/2
   316 | D:1      | You fall through a shaft!
   357 | D:2      | Found a stormy altar of Qazlal.
   573 | D:1      | Reached XP level 3. HP: 17/37 MP: 3/3
  1461 | D:2      | Found a sparkling altar of Nemelex Xobeh.
  1660 | D:2      | Found a runed door.
  1669 | D:2      | Noticed Crazy Yiuf
  1674 | D:2      | Killed Crazy Yiuf
  1674 | D:2      | Reached skill level 5 in Maces & Flails
  1674 | D:2      | Reached XP level 4. HP: 45/45 MP: 4/4
  2618 | D:3      | Reached XP level 5. HP: 37/54 MP: 5/5
  3318 | D:4      | Reached skill level 6 in Maces & Flails
  3318 | D:4      | Reached XP level 6. HP: 36/63 MP: 6/6
  4391 | D:5      | Entered Level 5 of the Dungeon
  4444 | D:4      | Reached skill level 7 in Maces & Flails
  4537 | D:5      | Reached XP level 7. HP: 61/71 MP: 7/7
  4915 | D:5      | Noticed Azzok's ghost (amateur GrBe)
  5217 | D:5      | Reached skill level 5 in Fighting
  5477 | D:5      | Reached skill level 8 in Maces & Flails
  5577 | D:5      | Found a glowing golden altar of the Shining One.
  5604 | D:5      | Became a worshipper of the Shining One
  5661 | D:5      | Found a radiant altar of Vehumet.
  5727 | D:5      | Reached XP level 8. HP: 78/81 MP: 8/8
  5886 | D:5      | Killed Azzok's ghost
  5886 | D:5      | Reached skill level 1 in Invocations
  6184 | D:6      | Found a burning altar of Makhleb.
  6301 | D:6      | Noticed Duvessa
  6301 | D:6      | Noticed Dowan
  6303 | D:6      | Noticed Pikel
  6314 | D:6      | Killed Duvessa
  6314 | D:6      | Reached skill level 9 in Maces & Flails
  6354 | D:5      | Killed Pikel
  6354 | D:5      | Reached skill level 5 in Throwing
  6354 | D:5      | Reached skill level 5 in Dodging
  6560 | D:6      | Killed Dowan
  6560 | D:6      | Reached XP level 9. HP: 92/92 MP: 11/11
  6819 | D:6      | Reached skill level 10 in Maces & Flails
  7090 | D:6      | Noticed Menkaure
  7096 | D:6      | Killed Menkaure
  7144 | D:6      | Found a staircase to the Ecumenical Temple.
  7171 | D:6      | Found Boosmy's General Store.
  7174 | D:6      | Bought a potion of heal wounds for 55 gold pieces
  7641 | D:7      | Reached * piety under the Shining One
  7665 | D:7      | Reached skill level 11 in Maces & Flails
  7823 | D:7      | Found Zudugodgh's Assorted Antiques.
  7829 | D:7      | Bought a dented jasper amulet for 120 gold pieces
  7893 | D:7      | Found Onyu's Food Shop.
  7976 | D:7      | Found Qutsaovi's Magic Scroll Boutique.
  8712 | D:8      | Reached XP level 10. HP: 95/104 MP: 13/13
  8943 | D:8      | Found Kaycvuh's Armour Shop.
  9166 | D:8      | Reached skill level 5 in Invocations
  9671 | D:8      | Reached skill level 12 in Maces & Flails
  9848 | D:8      | Reached ** piety under the Shining One
 10214 | D:8      | Found a deep blue altar of Sif Muna.
 10447 | D:6      | Found an ancient bone altar of Kikubaaqudgha.
 10447 | D:6      | Found a shimmering altar of Xom.
 10564 | D:9      | Found a blossoming altar of Fedhas.
 11261 | D:9      | Found an iron altar of Okawaru.
 11570 | D:9      | Noticed Monsterracer's ghost (journeyman OgMo)
 12357 | D:9      | Noticed Joseph
 12369 | D:9      | Killed Joseph
 12449 | D:9      | Noticed Maurice
 12464 | D:9      | Killed Maurice
 12490 | D:9      | Found a hazy altar of Hepliaklqana.
 12632 | D:10     | Entered Level 10 of the Dungeon
 12660 | D:10     | Found a staircase to the Lair.
 12766 | D:10     | Noticed a hill giant
 12798 | D:10     | Killed a hill giant
 12798 | D:10     | Reached skill level 13 in Maces & Flails
 12798 | D:10     | Reached XP level 11. HP: 77/115 MP: 15/15
 13100 | D:10     | Noticed p0werm0de's ghost (novice HECK)
 13122 | D:10     | Killed p0werm0de's ghost
 13442 | D:10     | Found Uqoe's Weapon Emporium.
 13599 | D:10     | Noticed Grum
 14057 | D:10     | Killed Grum
 14213 | D:10     | Reached *** piety under the Shining One
 14234 | D:10     | Noticed an unseen horror
 14245 | D:10     | Killed an unseen horror
 14445 | Lair:1   | Entered Level 1 of the Lair of Beasts
 14500 | Lair:1   | Reached skill level 14 in Maces & Flails
 14508 | Lair:1   | Reached skill level 10 in Fighting
 14941 | Lair:1   | Noticed a five-headed hydra
 14950 | Lair:1   | Killed a five-headed hydra
 16556 | Lair:2   | Reached XP level 12. HP: 81/128 MP: 17/17
 17254 | Lair:2   | Reached skill level 15 in Maces & Flails
 17558 | Lair:2   | Gained mutation: Your flesh is cold resistant. (rC+) [potion of beneficial mutation]
 17587 | Lair:2   | Noticed an ice dragon
 18009 | Lair:2   | Killed an ice dragon
 18840 | Lair:3   | Noticed a seven-headed hydra
 19078 | Lair:3   | Found a staircase to the Swamp.
 19089 | Lair:3   | Reached **** piety under the Shining One
 19103 | Lair:3   | HP: 6/130 [vampire mosquito (7)]
 19108 | Lair:3   | HP: 3/130 [vampire mosquito (13)]
 19114 | Lair:3   | HP: 3/130 [vampire mosquito (5)]
 19797 | Lair:3   | Reached skill level 1 in Armour
 19961 | Lair:3   | Killed a one-headed hydra
 20786 | Lair:4   | Reached XP level 13. HP: 72/137 MP: 19/19
 21325 | Lair:4   | Reached skill level 5 in Armour
 21363 | Lair:4   | The Shining One protects you from harm!
 22061 | Lair:4   | Found a hole to the Spider Nest.
 22342 | Lair:4   | Reached skill level 16 in Maces & Flails
 24483 | Lair:5   | Found a staircase to the Slime Pits.
 24507 | Lair:5   | Identified the Guide on Talismans and Dark Secrets
 24848 | Lair:6   | Entered Level 6 of the Lair of Beasts
 25214 | Lair:6   | Reached skill level 17 in Maces & Flails
 25225 | Lair:5   | Reached XP level 14. HP: 79/149 MP: 20/20
 26339 | Lair:6   | Reached ***** piety under the Shining One
 27683 | Lair:6   | Reached skill level 18 in Maces & Flails
 27934 | Lair:6   | Paralysed by a hornet for 2 turns
 28495 | Lair:6   | Reached skill level 10 in Throwing
 28597 | Lair:6   | Reached skill level 10 in Dodging
 28852 | Lair:6   | Found a runed door.
 29342 | Lair:6   | Reached XP level 15. HP: 121/161 MP: 22/22
 30524 | D:11     | Reached skill level 10 in Invocations
 30846 | D:11     | Found Nionkij's Antique Armour Shoppe.
 30872 | D:11     | Bought a fabulously ornate robe for 148 gold pieces
 30872 | D:11     | Identified the cursed +1 robe "Fygisoz" {Int+4 Slay+2} (You bought it in a shop on level 11 of the Dungeon)
 31772 | D:12     | Reached ****** piety under the Shining One
 31791 | D:12     | Reached skill level 19 in Maces & Flails
 31824 | D:12     | Killed from afar by a deep elf mage

Skill      XL: |  1  2  3  4  5  6  7  8  9 10 11 12 13 14 15 |
---------------+----------------------------------------------+-----
Fighting       | 3 4 5 6 8 9 10 11 12 13 | 13.8
Dodging        | 3 4 5 6 7 8 9 10 | 10.3
Maces & Flails | 5 6 7 8 9 11 13 14 15 17 18 19 | 19.0
Throwing       | 3 4 5 6 8 9 10 | 10.4
Invocations    | 2 4 5 7 8 9 10 | 10.1
Armour         | 3 6 7 |  7.1

Action                   |  1- 3 |  4- 6 |  7- 9 | 10-12 | 13-15 || total
-------------------------+-------+-------+-------+-------+-------++-------
Melee: Flail             |   115 |   185 |   317 |   287 |       ||   904
       Giant spiked club |       |       |       |   303 |   797 ||  1100
       Giant club        |       |       |       |    32 |       ||    32
       Hand axe          |       |       |       |     9 |    59 ||    68
 Fire: Blowgun           |       |     2 |       |       |       ||     2
Throw: Stone             |    11 |    22 |    12 |    10 |    75 ||   130
       Tomahawk          |       |     4 |     2 |    12 |     6 ||    24
       Large rock        |       |       |       |     3 |     3 ||     6
Invok: Cleansing Flame   |       |       |       |       |     5 ||     5
 Abil: Evoke Flight      |       |       |       |     3 |       ||     3
  Use: Potion            |     6 |     5 |     1 |     8 |     1 ||    21
       Scroll            |       |     9 |     4 |     7 |     3 ||    23
 Stab: Sleeping          |     2 |     1 |       |       |       ||     3
  Eat: Chunk             |     3 |     9 |    12 |    34 |    34 ||    92
       Fruit             |       |       |     1 |       |       ||     1
       Beef jerky        |       |       |       |     2 |       ||     2
       Bread ration      |       |       |       |     1 |       ||     1
Armor: Robe              |    31 |    76 |   121 |   205 |       ||   433
       Skin              |     1 |       |       |       |       ||     1
       Ice dragon scales |       |       |       |    31 |   195 ||   226
       Mottled dragon sc |       |       |       |       |   124 ||   124
       Fire dragon scale |       |       |       |       |   133 ||   133
Dodge: Dodged            |    73 |   137 |   140 |   453 |   639 ||  1442
